 Dungeon Crawl Stone Soup version 0.31-a0-1343-gcd514f47d3 (webtiles) character file.

Game seed: 5086604616061395585

60 Amplified the Trooper (level 3, -2/30 HPs)
             Began as a Minotaur Alchemist on Dec 22, 2023.
             Slain by an orc wizard
             ... wielding a +0 dagger
              (3 damage)
             ... on level 3 of the Dungeon.
             The game lasted 00:02:16 (2251 turns).

Amplified the Trooper (Minotaur Alchemist)          Turns: 2251, Time: 00:02:17

Health: -2/30      AC:  2    Str: 14    XL:     3   Next: 82%
Magic:  4/4        EV: 12    Int: 12    God:
Gold:   82         SH:  0    Dex: 10    Spells: 3/4 levels left

rFire   x . .        m - +0 flail
rCold   . . .        (no shield)
rNeg    . . .        a - +0 robe
rPois   .            (helmet unavailable)
rElec   .            (no cloak)
rCorr   .            (no gloves)
SInv    .            (no boots)
Will    +....        (no amulet)
Stlth   ++           d - ring of willpower
HPRegen 0.25/turn    (no ring)
MPRegen 0.09/turn

%: random rage (3%)
@: mighty, very slightly contaminated
A: horns 3, retaliatory headbutt, berserk 1, heat vulnerability 1, persistent
drain
a: no special abilities


You were on level 3 of the Dungeon.
You visited 1 branch of the dungeon, and saw 3 of its levels.

You collected 82 gold pieces.

Inventory:

Hand Weapons
 e - a +0 spear
 m - a +0 flail (weapon)
Armour
 a - a +0 robe (worn)
Jewellery
 d - a ring of willpower (left hand)
Scrolls
 j - a scroll of fear {unknown}
 l - a scroll of teleportation
 n - a scroll of torment {unknown}
Potions
 b - a potion of magic
 o - a potion of resistance {unknown}
 p - 2 potions of heal wounds {unknown}


   Skills:
 * Level 2.4 Fighting
 * Level 0.6 Maces & Flails
 - Level 1.8 Polearms
 * Level 2.3 Armour
 - Level 2.1 Dodging
 - Level 1.5 Stealth
 - Level 1.3 Spellcasting
 - Level 0.6 Conjurations
 - Level 2.1 Alchemy


You had 3 spell levels left.
You knew the following spells:

 Your Spells              Type           Power      Damage    Failure   Level
a - Sting                 Conj/Alch      16%        1d4       17%         1

Your spell library contained the following spells:

 Spells                   Type           Power      Damage    Failure   Level
 Mercury Vapours          Alch/Air       6%         N/A       28%         2
 Mephitic Cloud           Conj/Alch/Air  3%         N/A       52%         3
 Olgreb's Toxic Radiance  Alch           6%         N/A       75%         4
 Sticky Flame             Fire/Alch      3%         2d4       88%         4


Dungeon Overview and Level Annotations

Branches:
Dungeon (3/15)

Altars:
Qazlal


Innate Abilities, Weirdness & Mutations

You have a pair of large horns on your head.
You reflexively headbutt those who attack you in melee.
You sometimes lose your temper in combat.
You are vulnerable to heat. (rF-)
Your health recovers twice as slowly from being drained.


Message History

Unknown command.
You barely miss something. Something hits you.
Unknown command.
You closely miss something. Something hits you. x2
Unknown command.
You barely miss something. Your headbutt misses something. Something hits you.
* * * LOW HITPOINT WARNING * * *
Unknown command.
Unknown command.
You barely miss something. Something hits you.
* * * LOW HITPOINT WARNING * * *
Unknown command.
Unknown command.
Unknown command.
You barely miss something. Your headbutt misses something. Something hits you.
* * * LOW HITPOINT WARNING * * *
Something hits you.
* * * LOW HITPOINT WARNING * * *
Unknown command.
Unknown command.
It was a potion of mutation.
You feel extremely strange.
You begin to recover more slowly from draining effects.
You feel vulnerable to heat.
You feel a little pissed off. The horns on your head grow some more.
Something barely misses you.
It was a potion of cancellation.
Your magical effects are unravelling.
You feel magically purged.
You are very lightly contaminated with residual magic.
You flicker back into view.
Something hits you.
* * * LOW HITPOINT WARNING * * *
It was a potion of might.
You feel very mighty all of a sudden. Something hits you.
* * * LOW HITPOINT WARNING * * *
Unknown command.
Okay, then.
You barely miss something. Your headbutt misses something. Something hits you.
You die...

### #.####..# #........
###################.####..##
................@{oo........
###################.####..##
.. #<....o# # ####...o..oo.#
# #...#....o# # #...o......
# ##..# #..o# # .... ...# #
#..# ..#


You could see 2 orcs.

Vanquished Creatures
  2 worms (D:2)
  A dart slug (D:1)
  2 orcs (D:3)
  7 ball pythons
  5 bats
  5 endoplasms
  5 giant cockroaches
  4 goblins (D:1)
  5 hobgoblins
  3 quokkas
  5 frilled lizards
  2 rats
46 creatures vanquished.

Notes
Turn   | Place    | Note
-------+----------+-------------------------------------------
     0 | D:1      | Amplified the Minotaur Alchemist began the quest for the
                  | Orb.
     0 | D:1      | Reached XP level 1. HP: 14/14 MP: 1/1
    92 | D:1      | Found a faded altar of an unknown god.
   147 | D:1      | Reached skill level 1 in Fighting
   147 | D:1      | Reached skill level 1 in Armour
   155 | D:1      | Reached XP level 2. HP: 22/23 MP: 3/3
   169 | D:1      | Reached skill level 1 in Polearms
  1008 | D:1      | Reached XP level 3. HP: 25/29 MP: 4/4
  2157 | D:3      | Found a stormy altar of Qazlal.
  2248 | D:3      | Gained mutation: Your health recovers twice as slowly from
                  | being drained. [potion of mutation]
  2248 | D:3      | Gained mutation: You are vulnerable to heat. (rF-) [potion
                  | of mutation]
  2248 | D:3      | Gained mutation: You sometimes lose your temper in combat.
                  | [potion of mutation]
  2248 | D:3      | Gained mutation: You have a pair of large horns on your
                  | head. [potion of mutation]
  2250 | D:3      | HP: 1/30 [something (3)]
  2251 | D:3      | Slain by an orc wizard

Illustrated notes

Levels and vault maps discovered:
D:1:      elethiomel_arrival_maze, layout_basic,
          hellmonk_ecumenical_altar_pennies_from_heaven
D:2:      layout_loops_corners
D:3:      layout_basic, nicolae_ru_path_of_blood, mainiacjoe_overflow_paths

Skill      XL: |  1  2  3 |
---------------+----------+-----
Fighting       | 1 2 |  2.4
Armour         | 1 2 |  2.3
Polearms       | 1 |  1.8
Maces & Flails | |  0.6
Dodging        | |  2.1
Stealth        | |  1.5
Spellcasting   | |  1.3
Conjurations   | |  0.6
Alchemy        | |  2.1

Action                     || total
---------------------------++-------
  Melee: Spear             ||    96
         Unarmed           ||     6
         Headbutt          ||    10
         Flail             ||    28
    Use: Potion            ||     6
         Scroll            ||     2
   Stab: Sleeping          ||     4
         Distracted        ||     1
 Armour: Robe              ||    64
  Dodge: Dodged            ||    64

Table legend: (Time is in decaauts)
 A = Elapsed time spent in this place.
 B = Non-inter-level travel time spent in this place.
 C = Inter-level travel time spent in this place.
 D = Time resting spent in this place.
 E = Time spent auto-exploring this place.
 F = Levels seen in this place.
 G = Mean time per level.
                   A        B        C        D        E       F      G
               +--------+--------+--------+--------+--------+-----+--------+
         Total |   2266 |   2105 |    161 |      9 |   1717 |   3 |  755.3 |
       Dungeon |   2266 |   2105 |    161 |      9 |   1717 |   3 |  755.3 |
               +--------+--------+--------+--------+--------+-----+--------+

Top non-repeatable levels by time:
     D:1: 1204 daAuts
     D:2: 956 daAuts
     D:3: 104 daAuts
